 Dungeon Crawl Stone Soup version 0.31-a0-590-g8a5a4361df (webtiles) character file.

Game seed: 5728720044064614462

3210 cforsyth the Prestidigitator (level 9, -10/61 HPs)
             Began as a Gnoll Artificer on Aug 19, 2023.
             Was a Believer of Hepliaklqana.
             Mangled by an orc knight
             ... wielding a +0 halberd
              (20 damage)
             ... in a bailey.
             The game lasted 00:14:01 (9357 turns).

cforsyth the Prestidigitator (Gnoll Artificer)      Turns: 9357, Time: 00:14:02

Health: -10/61     AC: 15    Str: 12    XL:     9   Next: 97%
Magic:  5/5        EV: 17    Int: 20    God:    Hepliaklqana [**....]
Gold:   303        SH:  0    Dex: 13    Spells: 14/17 levels left

rFire   + . .        F - +8 rapier of the Incandescent {antimagic, Will+}
rCold   . . .        (no shield)
rNeg    . . .        z - +2 ring mail {rF+}
rPois   .            y - +2 helmet
rElec   .            u - +0 cloak
rCorr   .            A - +0 pair of gloves
SInv    .            r - +0 pair of boots
Will    +....        (no amulet)
Stlth   ++           t - +5 ring of evasion
HPRegen 0.30/turn    e - +6 ring of intelligence
MPRegen 0.09/turn

%: no passive effects
@: no status effects
A: reduced essence, fangs 1, strong nose, distributed training
a: Renounce Religion, Recall Ancestor, Ancestor Identity


You were in a bailey.
You worshipped Hepliaklqana.
Hepliaklqana was pleased with you.
You visited 2 branches of the dungeon, and saw 8 of its levels.
You also visited: Bailey.

You collected 303 gold pieces.

Inventory:

Hand Weapons
 a - a +0 club
 k - a +1 heavy short sword
 F - the +8 rapier of the Incandescent (weapon) {antimagic, Will+}
   (You found it on level 6 of the Dungeon)

   Will+:     It increases your willpower.
Missiles
 E - 8 poisoned darts
Armour
 b - a +0 leather armour
 r - a +0 pair of boots (worn)
 u - a +0 cloak (worn)
 y - a +2 helmet (worn)
 z - a +2 ring mail of fire resistance (worn)
 A - a +0 pair of gloves (worn)
Jewellery
 e - a +6 ring of intelligence (right hand)
 h - a ring of fire
 t - a +5 ring of evasion (left hand)
 v - a ring of ice
Wands
 c - a wand of flame (5) (quivered)
 d - a wand of charming (14)
 q - a wand of roots (8)
 B - a wand of digging (6)
Scrolls
 i - a scroll of vulnerability
 j - a scroll of fog
 l - 2 scrolls of identify
 m - a scroll of fear
 n - a scroll of teleportation
 p - a scroll of brand weapon
Potions
 f - a potion of brilliance
 o - a potion of curing
 s - 2 potions of haste
 w - a potion of ambrosia
 x - a potion of magic
 C - a potion of enlightenment
 D - a potion of might


   Skills:
 + Level 5.5 Fighting
 + Level 4.8 Short Blades
 + Level 4.8 Long Blades
 + Level 4.8 Axes
 + Level 4.8 Maces & Flails
 + Level 4.8 Polearms
 + Level 4.8 Staves
 + Level 4.8 Ranged Weapons
 + Level 4.8 Throwing
 + Level 6.7 Armour
 + Level 5.5 Dodging
 + Level 5.4 Stealth
 + Level 4.8 Shields
 + Level 4.8 Unarmed Combat
 + Level 4.8 Spellcasting
 + Level 4.0 Conjurations
 + Level 4.0 Hexes
 + Level 4.0 Summonings
 + Level 4.0 Necromancy
 + Level 4.0 Translocations
 + Level 4.0 Transmutations
 + Level 4.0 Fire Magic
 + Level 4.0 Ice Magic
 + Level 4.0 Air Magic
 + Level 4.0 Earth Magic
 + Level 4.0 Poison Magic
 + Level 5.3 Invocations
 + Level 8.2 Evocations
 + Level 4.0 Shapeshifting


You had 14 spell levels left.
You knew the following spells:

 Your Spells              Type           Power      Damage    Failure   Level
d - Summon Guardian Gole  Hex/Summ       20%        N/A       14%         3

Your spell library contained the following spells:

 Spells                   Type           Power      Damage    Failure   Level
 Summon Small Mammal      Summ           80%        N/A       4%          1
 Static Discharge         Conj/Air       40%        2-4/arc   7%          2
 Call Canine Familiar     Summ           20%        N/A       14%         3
 Airstrike                Air            10%        2d(2-18)  43%         4
 Animate Dead             Necr           20%        N/A       43%         4
 Olgreb's Toxic Radiance  Pois           20%        N/A       43%         4
 Summon Lightning Spire   Summ/Air       20%        N/A       43%         4
 Haunt                    Necr/Summ      10%        N/A       100%        7
 Discord                  Hex            10%        N/A       100%        8
 Ignition                 Fire           10%        3d5       100%        8
 Infestation              Necr           10%        N/A       100%        8


Dungeon Overview and Level Annotations

Branches:
Dungeon (7/15)             Temple (1/1) D:4          Bailey (1/1)

Altars:
Ashenzari
Cheibriados
Dithmenos
Elyvilon
Fedhas
Hepliaklqana
Makhleb
Okawaru
Ru
Sif Muna
Uskayaw
Vehumet
Wu Jian
Xom
Yredelemnul
The Shining One

Shops:
D:1 (

Annotations:
D:3 1 runed translucent door, thirtiethelement's ghost, amateur DsNe
D:5 1 runed translucent door, Crazy Yiuf
D:6 1 runed translucent door Bailey 2 runed translucent doors


Innate Abilities, Weirdness & Mutations

Your life essence is reduced to manifest your ancestor. (-10% HP)
You have very sharp teeth.
Your uncanny sense of smell can sniff out nearby items.
Your experience applies equally to all skills.


Message History

You hit the orc knight.
The orc knight is moderately wounded.
The orc knight closely misses you.
Wilfreda closely misses the orc knight.
You hit the orc knight.
The orc knight is heavily wounded.
The orc knight hits you with a +0 halberd.
Wilfreda hits the orc knight but does no damage.
You are too injured to fight recklessly!
You are too injured to fight recklessly!
You are too injured to fight recklessly!
You are too injured to fight recklessly!
You are too injured to fight recklessly!
You are too injured to fight recklessly!
You are too injured to fight recklessly!
You are too injured to fight recklessly!
You are too injured to fight recklessly!
You are too injured to fight recklessly!
You are too injured to fight recklessly!
You hit the orc knight but do no damage.
The orc knight is heavily wounded.
The orc knight hits you with a +0 halberd!!
* * * LOW HITPOINT WARNING * * *
Wilfreda casts a spell at the orc knight.
The puff of frost hits the orc knight!
You hit the orc knight.
The orc knight is heavily wounded.
The orc knight closely misses you.
Wilfreda hits the orc knight with a +0 quarterstaff!
You hit the orc knight.
The orc knight is severely wounded.
The orc knight misses you.
Okay, then.
Unknown command.
Okay, then.
Unknown command.
The orc knight attacks as you move away!
The orc knight closely misses you.
Wilfreda hits the orc knight with a +0 quarterstaff!
The orc knight hits you from afar with a +0 halberd!!
You die...

#### ########.$#
..........#
8....8.o.#
#..###++# #)R#
#..##....##.@#
#..#...e..#..#
#..#. #..#..#
#..# #..#..#
#..#$?[$[!#..#
#..##??[}##..#
#..########..#
##...8....8...##
#.....))...)...#


You could see the friendly Wilfreda the battlemage and an orc knight (ally
target).

Vanquished Creatures
  Sigmund (D:5)
  4 water moccasins
  4 orc warriors
  A sky beast (D:5)
  An ogre (D:4)
  An ice beast (D:5)
  A centaur (D:5)
  2 phantoms
  A kobold brigand (D:6)
  2 bullfrogs
  A killer bee (D:5)
  A howler monkey (D:6)
  2 orc priests
  5 hounds
  An iguana (D:5)
  2 orc wizards
  3 gnolls
  7 adders
  2 white imps (D:7)
  A worm (D:3)
  4 dart slugs (D:4)
  17 orcs
  7 bats
  6 endoplasms
  4 giant cockroaches
  6 hobgoblins
  6 jackals
  4 quokkas
  6 ball pythons
  5 frilled lizards
  4 goblins
  A jackal zombie (D:6)
  8 kobolds
  6 rats
127 creatures vanquished.

Vanquished Creatures (collateral kills)
  2 orc warriors (Bailey)
  A black bear (D:5)
  A centaur (D:6)
  A phantom (D:5)
  A scorpion (D:5)
  6 killer bees
  A howler monkey (D:7)
  2 orc priests
  A gnoll bouda (D:6)
  A jelly (D:5)
  An iguana (D:6)
  An orc wizard (D:7)
  2 gnolls (D:6)
  An adder (D:5)
  A shadow imp (D:7)
  A white imp (D:6)
  A nameless horror (D:5)
  11 orcs
  A jackal (D:5)
  3 kobolds (D:6)
  A goblin zombie (D:6)
41 creatures vanquished.

Vanquished Creatures (others)
  A battlemage (Bailey)
  3 ancestors
4 creatures vanquished.

Grand Total: 172 creatures vanquished

Notes
Turn   | Place    | Note
-------+----------+-------------------------------------------
     0 | D:1      | cforsyth the Gnoll Artificer began the quest for the Orb.
     0 | D:1      | Reached XP level 1. HP: 17/17 MP: 1/1
   149 | D:1      | Reached XP level 2. HP: 21/23 MP: 2/2
   469 | D:1      | Found Yprijac's Weapon Shoppe.
  1190 | D:2      | Reached XP level 3. HP: 16/28 MP: 2/4
  1359 | D:2      | Reached skill level 1 in Invocations
  1920 | D:2      | Reached skill level 1 in Short Blades
  1920 | D:2      | Reached skill level 1 in Long Blades
  1920 | D:2      | Reached skill level 1 in Axes
  1920 | D:2      | Reached skill level 1 in Maces & Flails
  1920 | D:2      | Reached skill level 1 in Polearms
  1920 | D:2      | Reached skill level 1 in Staves
  1920 | D:2      | Reached skill level 1 in Ranged Weapons
  1920 | D:2      | Reached skill level 1 in Throwing
  1920 | D:2      | Reached skill level 1 in Shields
  1920 | D:2      | Reached skill level 1 in Unarmed Combat
  1920 | D:2      | Reached skill level 1 in Spellcasting
  2077 | D:3      | Reached XP level 4. HP: 17/34 MP: 5/5
  2081 | D:3      | Reached skill level 1 in Conjurations
  2081 | D:3      | Reached skill level 1 in Hexes
  2081 | D:3      | Reached skill level 1 in Summonings
  2081 | D:3      | Reached skill level 1 in Necromancy
  2081 | D:3      | Reached skill level 1 in Translocations
  2081 | D:3      | Reached skill level 1 in Transmutations
  2081 | D:3      | Reached skill level 1 in Fire Magic
  2081 | D:3      | Reached skill level 1 in Ice Magic
  2081 | D:3      | Reached skill level 1 in Air Magic
  2081 | D:3      | Reached skill level 1 in Earth Magic
  2081 | D:3      | Reached skill level 1 in Poison Magic
  2081 | D:3      | Reached skill level 1 in Shapeshifting
  2291 | D:3      | Reached XP level 5. HP: 34/40 MP: 5/7
  2552 | D:3      | Noticed thirtiethelement's ghost (amateur DsNe)
  2784 | D:3      | Found a runed translucent door.
  2998 | D:4      | Noticed an ogre
  3056 | D:4      | Reached XP level 6. HP: 36/47 MP: 8/8
  3115 | D:4      | Noticed an orc warrior
  3117 | D:4      | Reached skill level 5 in Armour
  3118 | D:4      | Killed an orc warrior
  3302 | D:4      | Reached skill level 7 in Evocations
  3302 | D:4      | Reached XP level 7. HP: 52/52 MP: 10/10
  3501 | D:4      | Found a staircase to the Ecumenical Temple.
  3512 | Temple   | Entered the Ecumenical Temple
  3540 | Temple   | Became a worshipper of Hepliaklqana the Forgotten
  3626 | D:4      | Found a white marble altar of Elyvilon.
  4082 | D:5      | Entered Level 5 of the Dungeon
  4336 | D:5      | Noticed Sigmund
  4353 | D:5      | Killed Sigmund
  4423 | D:5      | Reached * piety under Hepliaklqana
  4452 | D:5      | Reached XP level 8. HP: 44/54 MP: 12/12
  4741 | D:5      | Found a shadowy altar of Dithmenos.
  5304 | D:5      | You fall into a shaft and drop 1 floor!
  5612 | D:5      | Found a runed translucent door.
  5613 | D:5      | Noticed Crazy Yiuf
  6281 | D:5      | Reached XP level 9. HP: 35/59 MP: 14/14
  7196 | D:6      | Learned a level 3 spell: Summon Guardian Golem
  7943 | D:6      | Reached skill level 5 in Fighting
  7943 | D:6      | Reached skill level 5 in Dodging
  8116 | D:6      | Identified the +8 rapier of the Incandescent {antimagic,
                  | Will+}
  8188 | D:6      | Reached skill level 5 in Stealth
  8236 | D:6      | Found a runed translucent door.
  8238 | D:6      | Reached ** piety under Hepliaklqana
  8239 | D:6      | Remembered your ancestor Wilfreda as a battlemage
  8241 | D:6      | Found a basalt altar of Yredelemnul.
  8581 | D:7      | Reached skill level 8 in Evocations
  8708 | D:7      | Reached skill level 5 in Invocations
  8883 | D:7      | Found a flagged portal.
  8892 | Bailey   | Entered a bailey
  9321 | Bailey   | Found a large runed translucent door.
  9321 | Bailey   | Found a large runed translucent door.
  9339 | Bailey   | Noticed a deep elf pyromancer
  9340 | Bailey   | Noticed an orc knight
  9357 | Bailey   | Mangled by an orc knight

Illustrated notes

Levels and vault maps discovered:
D:1:      minmay_arrival_diagonal_passages, layout_basic, serial_shops,
          nicolae_shop_window_shopping, serial_park_tiny_2,
          grunt_decor_one_mirror, minmay_quantized
D:2:      layout_basic
D:3:      layout_basic, hellmonk_ghost_happy_afterlife
D:4:      layout_loops_ring, elyvilon_altar_3, minmay_temple_entry_trees,
          guppyfry_early_orc_mine
D:5:      layout_basic, nicolae_dithmenos_through_a_glass_darkly,
          grunt_tough_drop, uniq_sigmund, uniq_crazy_yiuf_cottage
D:6:      layout_cave_pools, dk_yredelemnul_ordeal
D:7:      layout_basic, nicolae_gozag_seed_capital, enter_bailey_2
Temple:   oiseaux_autumnal_temple
Bailey:   bailey_polearm_elven_captive_hellmonk, bailey

Skill      XL: |  1  2  3  4  5  6  7  8  9 |
---------------+----------------------------+-----
Invocations    | 1 2 3 4 5 |  5.3
Short Blades   | 1 2 3 4 |  4.8
Long Blades    | 1 2 3 4 |  4.8
Axes           | 1 2 3 4 |  4.8
Maces & Flails | 1 2 3 4 |  4.8
Polearms       | 1 2 3 4 |  4.8
Staves         | 1 2 3 4 |  4.8
Ranged Weapons | 1 2 3 4 |  4.8
Throwing       | 1 2 3 4 |  4.8
Shields        | 1 2 3 4 |  4.8
Unarmed Combat | 1 2 3 4 |  4.8
Spellcasting   | 1 2 3 4 |  4.8
Conjurations   | 1 2 3 4 |  4.0
Hexes          | 1 2 3 4 |  4.0
Summonings     | 1 2 3 4 |  4.0
Necromancy     | 1 2 3 4 |  4.0
Translocations | 1 2 3 4 |  4.0
Transmutations | 1 2 3 4 |  4.0
Fire Magic     | 1 2 3 4 |  4.0
Ice Magic      | 1 2 3 4 |  4.0
Air Magic      | 1 2 3 4 |  4.0
Earth Magic    | 1 2 3 4 |  4.0
Poison Magic   | 1 2 3 4 |  4.0
Shapeshifting  | 1 2 3 4 |  4.0
Fighting       | 3 4 5 |  5.5
Dodging        | 3 4 5 |  5.5
Stealth        | 3 4 5 |  5.4
Armour         | 5 6 |  6.7
Evocations     | 7 8 |  8.2

Action                     |  1- 3 |  4- 6 |  7- 9 || total
---------------------------+-------+-------+-------++-------
  Melee: Club              |    89 |       |       ||    89
         Bite              |    16 |    16 |    56 ||    88
         Short sword       |    86 |   184 |   536 ||   806
         Punch             |       |     1 |    19 ||    20
         Rapier            |       |       |    91 ||    91
 Invoke: Recall Ancestor   |       |       |     7 ||     7
         Ancestor Life: Ba |       |       |     1 ||     1
  Evoke: Wand              |     1 |    11 |     4 ||    16
    Use: Potion            |       |       |     1 ||     1
         Scroll            |       |       |    14 ||    14
   Stab: Sleeping          |     5 |     6 |     3 ||    14
         Distracted        |       |       |     2 ||     2
 Armour: Leather armour    |    46 |    26 |     9 ||    81
         Ring mail         |       |       |   143 ||   143
  Dodge: Dodged            |   121 |    87 |   458 ||   666

Table legend: (Time is in decaauts)
 A = Elapsed time spent in this place.
 B = Non-inter-level travel time spent in this place.
 C = Inter-level travel time spent in this place.
 D = Time resting spent in this place.
 E = Time spent auto-exploring this place.
 F = Levels seen in this place.
 G = Mean time per level.
                   A        B        C        D        E       F      G
               +--------+--------+--------+--------+--------+-----+--------+
         Total |   9050 |   8643 |    407 |   2205 |   4575 |   9 | 1005.6 |
       Dungeon |   8530 |   8178 |    352 |   2041 |   4416 |   7 | 1218.6 |
        Temple |     56 |      1 |     55 |      0 |      0 |   1 |   56.0 |
        Bailey |    462 |    462 |      0 |    164 |    159 |   1 |  462.0 |
               +--------+--------+--------+--------+--------+-----+--------+

Top non-repeatable levels by time:
     D:5: 3234 daAuts
     D:4: 1218 daAuts
     D:3: 1125 daAuts
     D:1: 1117 daAuts
     D:2: 872 daAuts
     D:6: 662 daAuts
  Bailey: 462 daAuts
     D:7: 300 daAuts
  Temple: 56 daAuts
